 Dungeon Crawl Stone Soup version 0.23.2-40-g277498a001 (webtiles) character file.

Game seed: 3064884250231223581

94 Firons2 the Sneak (level 4, -16/30 HPs)
             Began as a Vampire Enchanter on Aug 14, 2019.
             Demolished by an ogre
             ... wielding a +0 giant club
              (22 damage)
             ... on level 2 of the Dungeon.
             The game lasted 00:05:28 (2032 turns).

Firons2 the Sneak (Vampire Enchanter)               Turns: 2032, Time: 00:05:28

Health: -16/30     AC:  2    Str:  8    XL:     4   Next: 38%
Magic:  7/7        EV: 13    Int: 17    God:
Gold:   83         SH:  0    Dex: 14    Spells: 6/7 levels left

rFire    . . .     SeeInvis +   a - +1 dagger
rCold    . . .     Gourm    .   (no shield)
rNeg     . . .     Faith    .   b - +0 robe
rPois    .         Spirit   .   (no helmet)
rElec    .         Reflect  .   (no cloak)
rCorr    .         Harm     .   (no gloves)
MR       .....                  (no boots)
Stlth    +++.......             (no amulet)
HPRegen  0.30/turn              (no ring)
MPRegen  0.10/turn              (no ring)

@: regenerating quickly
A: fangs 3, see invisible, unbreathing
a: no special abilities


You were on level 2 of the Dungeon.
You were very full.

You visited 1 branch of the dungeon, and saw 2 of its levels.

You collected 83 gold pieces.

Inventory:

Hand Weapons
 a - a +1 dagger (weapon)
 l - a +0 whip of distortion
Armour
 b - a +0 robe (worn)
Wands
 j - a wand of polymorph (2)
Scrolls
 e - 3 scrolls of identify {unknown}
 f - a scroll of amnesia {unknown}
 h - a scroll of remove curse {unknown}
 i - a scroll of immolation {unknown}
Potions
 c - 2 potions of might {unknown}
 d - 10 potions of blood
 g - a potion of curing {unknown}
 k - a potion of magic {unknown}
 m - a potion of mutation {unknown}


   Skills:
 + Level 2.3 Short Blades
 + Level 2.9 Dodging
 * Level 6.2 Stealth
 - Level 2.0 Spellcasting
 + Level 5.1 Hexes


You had 6 spell levels left.
You knew the following spells:

 Your Spells              Type           Power        Failure   Level  Hunger
a - Corona                Hex            ###....      2%          1    #......

Your spell library contained the following spells:

 Spells                   Type           Power        Failure   Level  Hunger
 Confuse                  Hex            ###.....     7%          3    ###....
 Tukima's Dance           Hex            ###.....     7%          3    ###....
 Ensorcelled Hibernation  Hex/Ice        ##....       10%         2    ###....
 Dazzling Spray           Conj/Hex       ##....       21%         3    ###....


Dungeon Overview and Level Annotations

Branches:
Dungeon (2/15)

Altars:


Innate Abilities, Weirdness & Mutations

Your natural rate of healing is unusually fast.
You have razor-sharp teeth.
You have supernaturally acute eyesight. (SInv)
You can survive without breathing.


Message History

You hit the ogre. You bite the ogre.
The ogre is lightly wounded.
You hit the ogre.
The ogre is moderately wounded.
The ogre misses you.
You hit the ogre. You bite the ogre.
The ogre is severely wounded.
The ogre hits you with a +0 giant club!
You hit the ogre.
The ogre is severely wounded.
You hit the ogre.
The ogre is almost dead.
The ogre hits you with a +0 giant club!!
Ouch! That really hurt!
* * * LOW HITPOINT WARNING * * *
You hit the ogre.
The ogre is almost dead.
The ogre hits you with a +0 giant club!!
Ouch! That really hurt!
You die...

#. #.# #.# #.# ##### #.#
....## #.# #######
###..#########.##.......
g...............@O......
####.###.#...#.##.#####.#.#
.gg..[...'.....##.# #.#.#
####.###.#...#.##.#
##'#.###
##.......#####.##.# #......
.#.......# #.##.####....#
.#.......### #.##.##......#
.#.........# #.##.........#
.#.........# #.#..........#


You could see an ogre.

Vanquished Creatures
  Robin (D:2)
  4 adders
  A dart slug (D:1)
  4 giant cockroaches (D:2)
  8 goblins
  10 hobgoblins
  4 kobolds
  4 bats
  A frilled lizard (D:1)
  7 rats
44 creatures vanquished.

Notes
Turn   | Place    | Note
-------+----------+-------------------------------------------
     0 | D:1      | Firons2 the Vampire Enchanter began the quest for the Orb.
     0 | D:1      | Reached XP level 1. HP: 13/13 MP: 3/3
   389 | D:1      | Reached XP level 2. HP: 8/19 MP: 5/5
   753 | D:1      | Reached skill level 5 in Stealth
  1218 | D:2      | Reached XP level 3. HP: 24/24 MP: 6/6
  1326 | D:2      | Noticed Robin
  1619 | D:1      | Reached skill level 5 in Hexes
  1711 | D:2      | Killed Robin
  1711 | D:2      | Reached skill level 6 in Stealth
  1711 | D:2      | Reached XP level 4. HP: 30/30 MP: 7/7
  2024 | D:2      | Noticed an ogre
  2032 | D:2      | Demolished by an ogre

Skill      XL: |  1  2  3 |
---------------+----------+-----
Stealth        | 5 6 |  6.2
Short Blades   | 2 |  2.3
Hexes          | 5 |  5.1
Dodging        | |  2.9
Spellcasting   | |  2.0

Action                   |  1- 3 |  4- 6 || total
-------------------------+-------+-------++-------
Melee: Dagger            |   169 |    14 ||   183
       Bite              |    11 |     2 ||    13
 Cast: Corona            |    18 |       ||    18
 Stab: Sleeping          |     5 |     7 ||    12
  Eat: Corpse            |    13 |     1 ||    14
Armor: Robe              |    22 |       ||    22
       Skin              |    15 |       ||    15
Dodge: Dodged            |   123 |     3 ||   126
